 Dungeon Crawl Stone Soup version 0.17.0-57-g0e89251 (webtiles) character file.

54 coffecat the Ducker (level 3, 0/18 HPs)
             Began as a Felid Berserker on Dec 8, 2015.
             Was a Believer of Trog.
             Slain by a bat (1 damage)
             ... on level 3 of the Dungeon.
             The game lasted 00:04:34 (1237 turns).

coffecat the Ducker (Felid Berserker)               Turns: 1237, Time: 00:04:35

Health: 0/18       AC:  1    Str: 13    XL:     3   Next: 66%
Magic:  4/4        EV: 15    Int:  8    God:    Trog [**....]
Gold:   56         SH:  0    Dex: 16    Spells: 0 memorised, 2 levels left
                                        Lives:  0   Deaths: 1

rFire  . . .     SeeInvis +       - Unarmed
rCold  . . .     Clarity  .     (armour unavailable)
rNeg   . . .     SustAt   .     (shield unavailable)
rPois  .         Gourm    .     (helmet unavailable)
rElec  .         Spirit   .     (cloak unavailable)
rCorr  .         Warding  .     (gloves unavailable)
rMut   .         Stasis   .     (boots unavailable)
MR     .....                    (no amulet)
Stlth  +++.......               (no ring)
                                (no ring)

@: lethally poisoned (0 -> -3), quick, not resistant to hostile enchantments,
fairly stealthy
A: no armour, no weapons or thrown items, claws 1, fangs 3, see invisible,
carnivore 3, speed 1, shaggy fur 1, slow metabolism 1, sharp paws
a: Berserk, Trog's Hand, Burn Spellbooks, Renounce Religion


You were on level 3 of the Dungeon.
You worshipped Trog.
Trog was pleased with you.
You were not hungry.

You visited 1 branch of the dungeon, and saw 3 of its levels.

You collected 56 gold pieces.

Inventory:

Scrolls
 d - a scroll of fog {unknown}
 e - 3 scrolls of identify {unknown}
 g - a scroll of magic mapping {unknown}
 h - a scroll of enchant armour {unknown}
 i - a scroll of blinking {unknown}
Potions
 b - 3 potions of might {unknown}
 c - a potion of resistance {unknown}
 l - a potion of mutation {unknown}
 m - a potion of poison {unknown}
Comestibles
 a - 2 meat rations
 f - a slice of pizza
 k - a beef jerky


   Skills:
 + Level 3.7 Fighting
 + Level 5.2 Dodging
 * Level 2.7 Stealth
 + Level 3.5 Unarmed Combat


You had 2 spell levels left.
You didn't know any spells.

Dungeon Overview and Level Annotations

Branches:
Dungeon (3/15)

Altars:
Ashenzari


Innate Abilities, Weirdness & Mutations

You cannot wear armour.
You are incapable of wielding weapons or throwing items.
You have sharp claws.
You have razor-sharp teeth.
You have supernaturally acute eyesight.
You are carnivorous and can eat meat at any time.
You cover ground quickly.
You are covered in fur (AC +1).
You have a slow metabolism.
Your sharp claws are effective at attacking unaware monsters.


Message History

You scratch the adder.
You kill the adder!
Trog accepts your kill.
You claw the giant gecko!
You kill the giant gecko!
Trog accepts your kill.
A bat comes into view.
You feel sick.
The bat moves out of view.
Found an orange potion.
There is a stone staircase leading down, spattered with blood here.
Items here: ) ††† a dagger; a giant gecko corpse; an adder corpse; a goblin corpse The bat hits you but does no damage.
The orc hits you from afar with a +0 trident!
* * * LOW HITPOINT WARNING * * *
There is a stone staircase leading down, spattered with blood here.
Items here: ) ††† a dagger; a giant gecko corpse; an adder corpse; a goblin corpse The bat hits you.
You die...

## #..... ?..
######... #. ....
##......# ##
#..###..# ##
#......#### #####.
####.#..†.#####.....
##.####.##(...###.
#..# #.##........
#@## ...........
#....b.# #.).......
........o
####........)
....#.....
............. ...
....... ##..........
..
...###........#.#####
. .##.
.###........### .. !.
...............
#......#..###


You could see an orc and a bat.

Vanquished Creatures
  A jelly (D:3)
  2 adders
  An ooze (D:3)
  A worm (D:2)
  5 giant geckos
  5 orcs (D:3)
  3 ball pythons
  4 giant cockroaches
  9 goblins
  2 jackals (D:2)
  2 kobolds
  A quokka (D:3)
  2 bats (D:2)
  2 giant newts
  5 rats
45 creatures vanquished.

Notes
Turn   | Place    | Note
--------------------------------------------------------------
     0 | D:1      | coffecat the Felid Berserker began the quest for the Orb.
     0 | D:1      | Reached XP level 1. HP: 10/10 MP: 2/2
    94 | D:1      | Reached XP level 2. HP: 14/14 MP: 3/3
   149 | D:2      | Reached skill level 1 in Stealth
   630 | D:2      | Found a shattered altar of Ashenzari.
   672 | D:2      | Reached XP level 3. HP: 17/17 MP: 4/4
   827 | D:3      | Reached ** piety under Trog
  1077 | D:3      | Reached skill level 5 in Dodging
  1077 | D:3      | Reached XP level 4. HP: 21/21 MP: 5/5
  1208 | D:3      | Slain by an orc
  1209 | D:3      | Reached XP level 3. HP: -1/25 MP: 4/4
  1237 | D:3      | Slain by a bat

Action                   |  1- 3 |  4- 6 || total
-------------------------+-------+-------++-------
Melee: Unarmed           |   106 |    10 ||   116
Invok: Berserk           |     1 |     1 ||     2
       Trog's Hand       |     1 |     1 ||     2
 Stab: Sleeping          |     3 |     1 ||     4
  Eat: Chunk             |     5 |       ||     5
